 Dungeon Crawl Stone Soup version 0.19.0-17-g07987d3 (webtiles) character file.

102 Coron the Covered (level 4, -16/63 HPs)
             Began as a Deep Dwarf Abyssal Knight on Nov 11, 2016.
             Was a Believer of Lugonu.
             Engulfed by a cloud of flame (33 damage)
             ... on level 3 of the Dungeon.
             The game lasted 00:10:36 (1381 turns).

Coron the Covered (Deep Dwarf Abyssal Knight)       Turns: 1381, Time: 00:10:36

Health: -16/63     AC: 22    Str: 25    XL:     4   Next: 49%
Magic:  5/5        EV:  2    Int: 13    God:    Lugonu [**....]
Gold:   132        SH:  0    Dex: 13    Spells: 0 memorised, 3 levels left

rFire  . . .     SeeInvis .     a - +1 hand axe
rCold  . . .     Gourm    .     (armour currently unavailable)
rNeg   + + +     Faith    .     (no shield)
rPois  +         Spirit   .     (helmet currently unavailable)
rElec  .         Reflect  .     (cloak currently unavailable)
rCorr  .         Harm     .     (gloves currently unavailable)
MR     .....     NoTele   +     (boots currently unavailable)
Stlth  +.........               (no amulet)
                                (no ring)
                                m - +5 ring of strength

@: mighty, tree-form, non-regenerating
A: damage resistance, recharge devices, sense surroundings 1, slow regeneration
3
a: Device Recharging, Depart the Abyss, Bend Space, Renounce Religion


You were on level 3 of the Dungeon.
You worshipped Lugonu.
Lugonu was pleased with you.
You were not hungry.
You were a tree.
You visited 1 branch of the dungeon, and saw 3 of its levels.
You visited the Abyss 1 time.

You collected 132 gold pieces.

Inventory:

Hand Weapons
 a - a +1 hand axe (weapon)
Armour
 b - a +0 leather armour
 h - a +1 ring mail (melded)
 j - a +2 helmet (melded)
 t - a +0 plate armour
Jewellery
 m - a +5 ring of strength (left branch)
Wands
 c - a wand of heal wounds (2/9)
Scrolls
 i - 3 scrolls of identify
Potions
 e - 5 potions of cancellation
 o - a potion of brilliance
Comestibles
 d - 4 bread rations
 k - 4 fruits
 r - a beef jerky


   Skills:
 - Level 3.1 Fighting
 - Level 3.0 Axes
 + Level 4.1 Armour
 - Level 1.1 Dodging
 + Level 2.9 Invocations


You had 3 spell levels left.
You didn't know any spells.

Dungeon Overview and Level Annotations

Branches:
Dungeon (3/15)

Altars:
Yredelemnul

Annotations:
D:3 Akrius's ghost, amateur MfTm


Innate Abilities, Weirdness & Mutations

You are resistant to damage.
You can recharge devices by infusing magical energy.
You passively map a small area around you.
You do not regenerate.


Message History

You feel much better.
This wand has 3 charges left.
You are engulfed in roaring flames.
An adder skeleton comes into view.
Unknown command.
Evoke which item? (* to show all) (? for menu, Esc to quit)
Zapping:
c - a wand of heal wounds (3/9)
Press: ? - help, Shift-Dir - straight line, f - you You feel much better.
This wand has 2 charges left.
You are engulfed in roaring flames.
You hit the orc.
The orc is moderately wounded.
You are engulfed in roaring flames.
* * * LOW HITPOINT WARNING * * *
The orc hits you but does no damage.
You slash the orc!
You kill the orc!
Lugonu accepts your kill.
You are engulfed in roaring flames.
Ouch! That really hurt!
You die...

, #.#.......#..#
#.#.......#..#
....._%.....# *
#....%..#..#
#.§§§.§,#..# .§§§ *#..#
#..####§####..##########
#...§§§♣)W).............
#.#.§#####...###........
#.. ..$.....##.........
# *#######............
###%.........
#>.....W... **
*##......... ###.......
, ,##......


You could see Akrius's ghost (inner flame).

Vanquished Creatures
  An orc wizard (D:3)
  A gnoll (D:1)
  A worm (D:2)
  A dart slug (D:2)
  A leopard gecko (D:1)
  8 orcs (D:3)
  6 giant cockroaches
  7 goblins
  7 hobgoblins
  2 jackals (D:3)
  6 bats
  4 frilled lizards
  4 kobolds
  2 rats (D:1)
51 creatures vanquished.

Vanquished Creatures (others)
  A giant cockroach (D:3)
1 creature vanquished.

Grand Total: 52 creatures vanquished

Notes
Turn   | Place    | Note
-------+----------+-------------------------------------------
     0 | Abyss:1  | Coron the Deep Dwarf Abyssal Knight began the quest for the Orb.
     0 | Abyss:1  | Reached XP level 1. HP: 20/20 MP: 2/2
    87 | Abyss:1  | Noticed a raiju
    88 | D:1      | Escaped the Abyss
   266 | D:1      | Reached XP level 2. HP: 5/28 MP: 3/3
   302 | D:1      | Reached * piety under Lugonu
   626 | D:1      | Reached XP level 3. HP: 6/34 MP: 5/5
  1067 | D:2      | Reached skill level 3 in Armour
  1081 | D:3      | Noticed Akrius's ghost (amateur MfTm)
  1363 | D:3      | Found a basalt altar of Yredelemnul.
  1372 | D:3      | Reached XP level 4. HP: 42/42 MP: 6/6
  1372 | D:3      | Reached ** piety under Lugonu
  1372 | D:3      | Reached skill level 4 in Armour
  1381 | D:3      | Engulfed by a cloud of flame

Skill      XL: |  1  2  3  4 |
---------------+-------------+-----
Fighting       | 3 |  3.1
Axes           | 3 |  3.0
Armour         | 3 4 |  4.1
Dodging        | |  1.1
Invocations    | |  2.9

Action                   |  1- 3 |  4- 6 || total
-------------------------+-------+-------++-------
Melee: Hand axe          |   134 |     2 ||   136
Invok: Depart the Abyss  |     1 |       ||     1
 Abil: Device Recharging |       |     1 ||     1
Evoke: Wand              |     2 |     6 ||     8
  Use: Potion            |     6 |       ||     6
       Scroll            |     3 |       ||     3
  Eat: Chunk             |     2 |       ||     2
Armor: Leather armour    |     4 |       ||     4
       Ring mail         |    54 |       ||    54
       Skin              |       |     1 ||     1
Dodge: Dodged            |    68 |       ||    68
